 Dungeon Crawl Stone Soup version 0.20.1-1-g8b1a95d (webtiles) character file.

122 ReignOfFire the Slasher (level 4, 0/33 HPs)
             Began as a Demonspawn Gladiator on July 19, 2017.
             Shot with an arrow by a centaur (4 damage)
             ... on level 3 of the Dungeon.
             The game lasted 00:01:59 (2185 turns).

ReignOfFire the Slasher (Demonspawn Gladiator)      Turns: 2185, Time: 00:02:00

Health: 0/33       AC:  4    Str: 15    XL:     4   Next: 78%
Magic:  4/4        EV: 15    Int:  9    God:
Gold:   181        SH:  0    Dex: 15    Spells: 3/3 levels left

rFire    . . .     SeeInvis .   a - +0 long sword
rCold    . . .     Gourm    .   (no shield)
rNeg     . . .     Faith    .   b - +0 leather armour
rPois    .         Spirit   .   c - +0 helmet
rElec    .         Reflect  .   (no cloak)
rCorr    .         Harm     .   (no gloves)
MR       .....                  (no boots)
Stlth    +.........             (no amulet)
Regen    0.2/turn               (no ring)
MPRegen  0.1/turn               (no ring)

@: no status effects
A: repulsion field 1
a: no special abilities


You were on level 3 of the Dungeon.
You were not hungry.

You visited 1 branch of the dungeon, and saw 3 of its levels.

You collected 181 gold pieces.

Inventory:

Hand Weapons
 a - a +0 long sword (weapon)
Missiles
 d - 3 throwing nets (quivered)
Armour
 b - a +0 leather armour (worn)
 c - a +0 helmet (worn)
Scrolls
 e - 5 scrolls of remove curse {unknown}
 g - 3 scrolls of identify {unknown}
 j - a scroll of fog {unknown}
 k - a scroll of teleportation {unknown}
 r - a scroll of magic mapping {unknown}
 t - 2 scrolls of enchant weapon {unknown}
Potions
 i - 2 potions of heal wounds {unknown}
 l - 2 potions of magic {unknown}
 m - a potion of haste {unknown}
 n - a potion of agility {unknown}
 o - a potion of degeneration {unknown}
Comestibles
 f - 3 bread rations
 h - 7 fruits
 p - 2 meat rations
 q - a royal jelly
 s - 3 chunks of flesh


   Skills:
 + Level 2.2 Fighting
 + Level 3.8 Long Blades
 + Level 2.1 Throwing
 + Level 1.3 Armour
 + Level 3.6 Dodging


You had 3 spell levels left.
You didn't know any spells.

Dungeon Overview and Level Annotations

Branches:
Dungeon (3/15)

Altars:
Ashenzari

Annotations:
D:3 ReignOfFire's ghost, amateur DsGl


Innate Abilities, Weirdness & Mutations

You are surrounded by a mild repulsion field. (EV +2)


Message History

ReignOfFire's ghost is lightly damaged.
ReignOfFire's ghost wails, "There is no future for me!"
You see here a rat corpse.
You butcher the rat corpse.
ReignOfFire's ghost misses you.
You see here a chunk of flesh.
ReignOfFire's ghost stares at you.
ReignOfFire's ghost completely misses you.
You riposte.
You slash ReignOfFire's ghost!
ReignOfFire's ghost is moderately damaged.
ReignOfFire's ghost barely misses you.
You riposte.
You hit ReignOfFire's ghost.
ReignOfFire's ghost is moderately damaged.
A centaur comes into view.
The centaur shouts!
The centaur wields a shortbow.
The centaur shoots an arrow.
The arrow hits you!
The centaur shoots an arrow.
The arrow hits you.
* * * LOW HITPOINT WARNING * * *
You see here 2 arrows.
The centaur shoots an arrow.
The arrow hits you.
You die...

#..........## ##.# #.
##.########.## ##.## ##.
#.# ##.###.## #.. ##'##
##...## ##. ##.).## #....#
## ##.....## ###..##
##.......## ##.##.#####
#.........####.........####
+.........@(W..............
#....>....####.....#.#.####
##.......## #..#..#<#.#
##..c..## #.##..#.#.#
##...## #.##..#.#.# ##+##
#......<..# ####....###
##.### .#


You could see a centaur and ReignOfFire's ghost.

Vanquished Creatures
  9 adders (D:2)
  2 worms (D:2)
  An orc (D:3)
  A giant cockroach (D:1)
  2 goblins
  6 hobgoblins
  4 kobolds
  A quokka (D:2)
  3 ball pythons
  5 bats
  A frilled lizard (D:2)
  7 rats
42 creatures vanquished.

Notes
Turn   | Place    | Note
-------+----------+-------------------------------------------
     0 | D:1      | ReignOfFire the Demonspawn Gladiator began the quest for the Orb.
     0 | D:1      | Reached XP level 1. HP: 16/16 MP: 1/1
   463 | D:1      | Gained mutation: You are surrounded by a mild repulsion field. (EV +2) [demonic ancestry]
   463 | D:1      | Reached XP level 2. HP: 21/22 MP: 2/2
   695 | D:2      | Reached XP level 3. HP: 14/27 MP: 3/3
  1358 | D:2      | Reached skill level 1 in Armour
  1358 | D:2      | Reached XP level 4. HP: 26/33 MP: 4/4
  2084 | D:3      | Found a shattered altar of Ashenzari.
  2125 | D:3      | Noticed ReignOfFire's ghost (amateur DsGl)
  2183 | D:3      | Noticed a centaur
  2185 | D:3      | Shot with an arrow by a centaur

Skill      XL: |  1  2  3 |
---------------+----------+-----
Long Blades    | 3 |  3.8
Throwing       | 2 |  2.1
Dodging        | 3 |  3.6
Armour         | 1 |  1.3
Fighting       | |  2.2

Action                   |  1- 3 |  4- 6 || total
-------------------------+-------+-------++-------
Melee: Long sword        |    56 |    76 ||   132
 Stab: Sleeping          |       |     1 ||     1
  Eat: Chunk             |       |     4 ||     4
Armor: Leather armour    |     9 |    23 ||    32
Dodge: Dodged            |    69 |    72 ||   141
       Rpst.: Long sword |    21 |    23 ||    44
